 BcadrenCrawl: Boulder Brew version 0.05.4-52-gbd2e00ed8b (webtiles) character file.

Game seed: 9499699349737300975, levelgen mode: deterministic

1 namelastname112 the Dualist (level 1, -1/14 HPs) Immature Draconian Priest. Began on Apr 19, 2022. Was a Believer of Bahamut & Tiamat. Slain by a gnoll ... wielding a +0 whip (8 damage) ... on level 1 of the Dungeon. The game lasted 00:00:39 (73 turns).

namelastname112 the Dualist (DrPr)                    Turns: 73, Time: 00:00:40

Health: -1/14      AC:  5    Str: 12    XL:     1 ^: 10
Magic:  3/3        EV: 12    Int: 10    God:    Bahamut & Tiamat [2* [51]]
Gold:   0          SH:  0    Dex: 14    Spells: 0/0 levels left

rFire    . . .     Vision   .     - Unarmed
rCold    . . .     Gourm    .     - Unarmed
rNeg     . . .     Faith    .   (armour unavailable)
rCorr    . . .     Spirit   .   (helmet restricted)
rPois    .         Reflect  .   (no cloak)
rElec    .         Harm     .   (no gloves)
MR       .....                  (no boots)
Stlth    ++........             (no amulet)
HPRegen  0.14/turn              (no ring)
MPRegen  0.13/turn              (no ring)

@: no status effects
A: deformed body 2, cold-blooded, AC +5
a: Breathe Dart, Enhanced Breath, Renounce Religion


You were on level 1 of the Dungeon.
You worshipped Bahamut & Tiamat.
Bahamut & Tiamat was pleased with you.
You were not hungry.

You visited 1 branch of the dungeon, and saw 1 of its levels.
You also visited: Temple.

Inventory:

Comestibles
 a - a ration


   Skills:
 + Level 0.1 Fighting
 + Level 1.5 Dodging
 - Level 1.4 Stealth
 * Level 2.7 Unarmed Combat
 + Level 4.0 Invocations


You couldn't memorise any spells.
You didn't know any spells.
Your spell library was empty.

Dungeon Overview and Level Annotations

Branches:
Dungeon (1/8)

Altars:


Innate Abilities, Weirdness & Mutations

Your plain brown scales are resilient. (AC +5)
You can breathe rudimentary magical darts.
You cannot wear any armour on your peculiar form.
You are cold-blooded and are slowed more easily by cold attacks.


Message History

You kill the bat!
Bahamut approves of your kill.
You hit the rat (1).
It is struck brutally!
You hit the rat (2).
It is struck brutally!
You kill the rat!
Tiamat appreciates your kill. The gnoll hits you with a +0 whip (1).
You see here a rat corpse.
You hit the gnoll but do no damage. x2
The gnoll is healthy. (13/13) HP The gnoll hits you with a +0 whip (1).
You hit the gnoll (3). You hit the gnoll but do no damage.
The gnoll is moderately wounded. (10/13) HP You hit the gnoll but do no damage. x2
The gnoll is moderately wounded. (10/13) HP The gnoll hits you with a +0 whip (6).
You are too injured to fight recklessly!
The gnoll hits you with a +0 whip (8)!
Ouch! That really hurt!
You die...

##.8[8.#
##...8..#
##...8.8.#
##........#
#.⌠.⌠.###.#
#.....#.#†#
+..8..#<'†#
#.....#.#.#
#.⌠.⌠.###@#
##......g.#
##...8.8.#
##...8..#
##.8.8.#
#.....#
#######


You could see a gnoll.

Vanquished Creatures
  A bat (D:1)
  A rat (D:1)
2 creatures vanquished.

Notes
Turn   | Place    | Note
-------+----------+-------------------------------------------
     0 | Start Te | namelastname112 the Immature Draconian Priest began the
                  | quest for the Orb.
     0 | Start Te | Reached XP level 1. HP: 14/14 MP: 3/3
     0 | Start Te | Found a sparkling altar of Nemelex Xobeh.
     1 | Start Te | Found a basalt altar of Yredelemnul.
     1 | Start Te | Found a white marble altar of Elyvilon.
     2 | Start Te | Found an iron altar of Okawaru.
     3 | Start Te | Found a glowing silver altar of Zin.
     3 | Start Te | Found a blossoming altar of Fedhas.
     4 | Start Te | Found a stormy altar of Qazlal.
     5 | Start Te | Found a glowing golden altar of the Shining One.
     5 | Start Te | Found an opulent altar of Gozag.
     6 | Start Te | Found a sacrificial altar of Ru.
     7 | Start Te | Found an ornate altar of Bahamut and Tiamat.
     7 | Start Te | Found a hazy altar of Hepliaklqana.
    15 | Start Te | Became a worshipper of Bahamut & Tiamat
    15 | Start Te | Reached * piety under Bahamut & Tiamat
    15 | Start Te | Reached ** piety under Bahamut & Tiamat
    73 | D:1      | Slain by a gnoll

Levels and vault maps discovered:
D:1:      ncdulo_halloftheorcs, layout_basic, due_unseen_surprise

Action                   || total
-------------------------++-------
Melee: Unarmed           ||    14
Invok: Choose Bahamut's  ||     1
       Choose Bahamut's  ||     1
Armor: Skin              ||    11
Dodge: Dodged            ||     7
